 Dungeon Crawl Stone Soup version 0.20.0-7-g3b7b877 (webtiles) character file.

23789 IcyS the Blocker (level 13, -9/88 HPs)
             Began as an Octopode Fighter on May 28, 2017.
             Was a Priest of Ashenzari.
             Shot with an arrow by Nessos (24 damage)
             ... on level 2 of the Orcish Mines.
             The game lasted 01:26:46 (21897 turns).

IcyS the Blocker (Octopode Fighter)                Turns: 21897, Time: 01:26:47

Health: -9/88      AC:  1    Str: 16    XL:     13   Next: 9%
Magic:  13/13      EV: 19    Int: 12    God:    Ashenzari [***...]
Gold:   1146       SH: 21    Dex: 16    Spells: 12/12 levels left

rFire    . . .     SeeInvis +   i - +7 hand axe (curse)
rCold    . . .     Gourm    .   b - +2 shield (curse)
rNeg     . . .     Faith    .   (helmet restricted)
rPois    .         Spirit   .   E - +5 amulet of reflection
rElec    .         Reflect  +   q - ring of stealth
rCorr    .         Harm     .   (no ring)
MR       +....                  (no ring)
Stlth    +++++.....             (no ring)
Regen    0.3/turn               (no ring)
MPRegen  0.2/turn               (no ring)
                                (no ring)
                                (no ring)

@: no status effects
A: almost no armour, stealthy swim, amphibious, 8 rings, constrict 8, camouflage
1, clever 1, magic resistance 1, gelatinous body 1
a: Curse Item, Scrying, Renounce Religion


You were on level 2 of the Orcish Mines.
You worshipped Ashenzari.
Ashenzari was most pleased with you.
You were hungry.

You visited 4 branches of the dungeon, and saw 19 of its levels.
You also visited: Ossuary.

You collected 1146 gold pieces.

Inventory:

Hand Weapons
 i - a cursed +7 hand axe (weapon)
Armour
 b - a cursed +2 shield (worn)
Jewellery
 q - a ring of stealth (left tentacle)
 u - an uncursed ring of fire
 x - an uncursed ring of fire
 E - a +5 amulet of reflection (around mantle)
 M - a +3 amulet of reflection
Wands
 l - a wand of lightning (9/15)
 r - a wand of random effects (27/48)
 s - a wand of flame (31/48)
 t - a wand of random effects (29/48)
 B - a wand of iceblast (11/15)
 F - a wand of acid (5/15)
 I - a wand of iceblast (6/15)
 K - a wand of flame (27/48)
 L - a wand of polymorph (8/24)
Scrolls
 a - 6 scrolls of teleportation
 e - 3 scrolls of recharging
 j - 2 scrolls of fear
 o - 5 scrolls of remove curse
 p - 3 scrolls of magic mapping
 y - a scroll of enchant weapon
 A - 7 scrolls of identify
 H - a scroll of fog
 J - a scroll of blinking
Potions
 g - 2 potions of berserk rage
 h - 2 potions of haste
 k - 3 potions of flight
 m - 10 potions of curing
 n - 7 potions of lignification
 v - 4 potions of ambrosia
 w - 2 potions of agility
 z - a potion of heal wounds {unknown}
 C - 6 potions of mutation
 D - 3 potions of brilliance
 G - 3 potions of cancellation {unknown}
 N - a potion of magic {unknown}
Comestibles
 d - 11 bread rations
 f - 6 meat rations


   Skills:
 + Level 8.2 Fighting
 - Level 12.6(15.1) Axes
 + Level 8.2 Dodging
 - Level 4.1 Stealth
 - Level 13.6(15.2) Shields


You had 12 spell levels left.
You didn't know any spells.

Dungeon Overview and Level Annotations

Branches:
Dungeon (11/15)            Temple (1/1) D:6            Lair (5/6) D:9
  Swamp (0/4) Lair:4          Orc (2/2) D:11            Elf (0/3) Orc:2
  Snake: Lair:2-4    Spider: Lair:2-4     Slime: Lair:5-6

Altars:
Ashenzari
Cheibriados
Dithmenos
Elyvilon
Fedhas
Gozag
Hepliaklqana
Kikubaaqudgha
Makhleb
Nemelex Xobeh
Okawaru
Qazlal
Ru
Sif Muna
Trog
Uskayaw
Vehumet
Xom
Yredelemnul
The Shining One

Annotations:
Lair:2 exclusions: door, hydra and 5 more exclusions
Lair:4 exclusion: downstairs
Lair:5 Kirke
Orc:2 Nessos


Innate Abilities, Weirdness & Mutations

You cannot wear most types of armour.
You are very stealthy in the water. (Stealth+)
You are amphibious.
You can wear up to eight rings at the same time.
You can use your tentacles to constrict eight enemies at once.
Your skin changes colour to match your surroundings (Stealth+).
Your rubbery body absorbs attacks. (AC +1, EV +1)
Your mind is acute. (Int +2)
You are resistant to hostile enchantments. (MR+)


Message History

You feel sick.
Nessos unwields an uncursed longbow of flaming.
It stops flaming.
You block Nessos's attack.
You hit Nessos but do no damage.
Nessos is moderately wounded.
You feel sick.
Nessos blinks!
Nessos wields an uncursed longbow of flaming.
It bursts into flame!
Nessos shoots an arrow.
The arrow hits you!!
* * * LOW HITPOINT WARNING * * *
The arrow burns you!
You are lethally poisoned!
* * * LOW HITPOINT WARNING * * *
You feel better.
Nessos shoots an arrow.
You reflect the arrow off an invisible shield around you!
The arrow hits Nessos!
The arrow burns Nessos.
Nessos looks as sick as possible!
Okay, then.
You are too injured to fight recklessly!
Nessos shoots an arrow.
The arrow hits you!!
You die...

......#......#....#
..[).........#....#
...[..............#
.........#.......#
..........#......#
................##
.................#
..........$.....###
.............((#@.#
.<....#.....c..(...#
.......#..(.......##
......##..........#
.................##
................##*
...............##,**
.....$.##......., ,
.......#* ,


You could see Nessos.

Vanquished Creatures
  An ettin (Orc:2)
  Erolcha (Orc:1)
  The ghost of Dumah the Fighter, a journeyman DsAK of Lugonu (D:10)
  A two-headed ogre (D:10)
  An unseen horror (D:11)
  Pikel (D:4)
  2 ugly things
  2 black mambas
  A gargoyle (D:11)
  7 spiny frogs
  2 rime drakes
  2 komodo dragons
  2 trolls
  A polar bear (Lair:5)
  Grinder (D:3)
  7 hippogriffs
  A wraith (D:11)
  2 wyverns
  14 yaks
  2 hungry ghosts
  A vampire mosquito (D:11)
  2 steam dragons
  2 wargs (Orc:2)
  An acid dragon (D:10)
  5 water moccasins
  6 porcupines
  3 orc warriors
  3 ice beasts
  3 slaves (D:4)
  An eye of draining (D:9)
  3 sky beasts
  3 phantoms
  5 black bears
  7 ogres
  9 centaurs
  6 crocodiles
  3 big kobolds
  14 bullfrogs
  A wyvern zombie (D:6)
  2 scorpions (D:5)
  9 killer bees
  4 jellies
  2 electric eels (Lair:2)
  3 howler monkeys (D:11)
  2 crimson imps
  3 bullfrog zombies
  3 human zombies (Ossuary)
  11 hounds
  3 centaur skeletons
  10 orc priests
  5 bullfrog skeletons
  20 orc wizards
  2 iguanas
  11 worker ants
  A hound skeleton (D:7)
  3 mummies
  13 adders
  7 gnolls
  A shadow imp (D:8)
  An adder zombie (D:6)
  5 adder skeletons
  2 worms
  3 dart slugs
  2 leopard geckos
  45 orcs
  6 bats
  5 giant cockroaches
  2 gnoll zombies (Ossuary)
  8 goblins
  9 hobgoblins
  10 jackals
  25 kobolds
  3 quokkas
  2 ball pythons
  2 frilled lizards (D:2)
  A goblin zombie (Ossuary)
  2 kobold zombies (Ossuary)
  13 rats
  A butterfly (Lair:4)
392 creatures vanquished.

Vanquished Creatures (others)
  2 cyclopes
  A centaur (D:11)
  2 fungi (Lair:2)
  3 plants (Lair:2)
8 creatures vanquished.

Grand Total: 400 creatures vanquished

Notes
Turn   | Place    | Note
-------+----------+-------------------------------------------
     0 | D:1      | IcyS the Octopode Fighter began the quest for the Orb.
     0 | D:1      | Reached XP level 1. HP: 16/16 MP: 1/1
   231 | D:1      | Reached XP level 2. HP: 19/21 MP: 2/2
   770 | D:2      | Reached XP level 3. HP: 26/26 MP: 3/3
  1224 | D:2      | Reached XP level 4. HP: 31/31 MP: 4/4
  1796 | D:2      | Found a faded altar of an unknown god.
  2431 | D:3      | Reached skill level 1 in Stealth
  2530 | D:3      | Noticed Grinder
  2654 | D:4      | Noticed Pikel
  2654 | D:4      | Noticed a slave
  2654 | D:4      | Noticed a slave
  2654 | D:4      | Noticed a slave
  2654 | D:4      | Noticed a slave
  2742 | D:3      | Reached XP level 5. HP: 36/36 MP: 5/5
  3123 | D:4      | Killed a slave
  3252 | D:4      | Reached skill level 4 in Shields
  3252 | D:4      | Reached XP level 6. HP: 22/42 MP: 6/6
  3333 | D:4      | Reached skill level 5 in Axes
  3630 | D:4      | Killed a slave
  3825 | D:4      | Killed a slave
  4158 | D:5      | Entered Level 5 of the Dungeon
  4218 | D:5      | Reached XP level 7. HP: 45/47 MP: 7/7
  4727 | D:4      | Reached skill level 5 in Shields
  5947 | D:6      | Reached XP level 8. HP: 47/54 MP: 8/8
  6124 | D:6      | Gained mutation: You are somewhat resistant to further mutation. [potion of mutation]
  6124 | D:6      | Gained mutation: You possess an exceptional clarity of mind. [potion of mutation]
  6207 | D:6      | Reached skill level 6 in Shields
  6678 | D:5      | Reached skill level 5 in Fighting
  6903 | D:5      | Reached skill level 7 in Shields
  7159 | D:6      | Reached XP level 9. HP: 37/61 MP: 9/9
  7334 | D:6      | Found a staircase to the Ecumenical Temple.
  7343 | Temple   | Entered the Ecumenical Temple
  7387 | Temple   | Became a worshipper of Ashenzari the Shackled
  7392 | Temple   | Lost mutation: You possess an exceptional clarity of mind. [potion of mutation]
  7392 | Temple   | Lost mutation: You are somewhat resistant to further mutation. [potion of mutation]
  7392 | Temple   | Gained mutation: Your flesh is heat resistant. (rF+) [potion of mutation]
  7392 | Temple   | Gained mutation: You are resistant to hostile enchantments. (MR+) [potion of mutation]
  7392 | Temple   | Lost mutation: Your flesh is heat resistant. (rF+) [potion of mutation]
  7392 | Temple   | Gained mutation: Your mind is acute. (Int +2) [potion of mutation]
  8113 | D:7      | Found a burning altar of Makhleb.
  8293 | D:7      | Reached skill level 8 in Shields
  8605 | D:7      | Found a sand-covered staircase.
  8614 | Ossuary  | Entered an ossuary
  9796 | D:4      | Killed Pikel
  9796 | D:4      | Reached skill level 9 in Shields
  9796 | D:4      | Reached XP level 10. HP: 58/69 MP: 10/10
  9904 | D:3      | Paralysed by Grinder for 7 turns
  9922 | D:3      | Killed Grinder
 10213 | D:8      | Noticed a two-headed ogre
 10836 | D:8      | Noticed a two-headed ogre
 11370 | D:8      | Noticed a two-headed ogre
 11514 | D:9      | Reached * piety under Ashenzari
 11840 | D:9      | Found a staircase to the Lair.
 11971 | D:9      | Reached skill level 10 in Axes
 12200 | Lair:1   | Entered Level 1 of the Lair of Beasts
 12238 | Lair:1   | Noticed a spiny frog
 12245 | Lair:1   | Killed a spiny frog
 12937 | Lair:1   | Reached skill level 5 in Dodging
 13282 | Lair:1   | Noticed a spiny frog
 13300 | Lair:1   | Killed a spiny frog
 13529 | Lair:2   | Noticed a spiny frog
 13537 | Lair:2   | Killed a spiny frog
 13537 | Lair:2   | Reached XP level 11. HP: 75/75 MP: 11/11
 14458 | Lair:2   | Reached ** piety under Ashenzari
 14624 | Lair:2   | Noticed a four-headed hydra
 16281 | Lair:4   | Found a staircase to the Swamp.
 16868 | Lair:4   | Reached skill level 10 in Shields
 17331 | Lair:5   | Reached XP level 12. HP: 72/81 MP: 12/12
 17427 | Lair:5   | Noticed Kirke
 17589 | D:10     | Entered Level 10 of the Dungeon
 17590 | D:10     | Noticed Dumah's ghost (journeyman DsAK)
 17817 | D:9      | Reached skill level 11 in Shields
 18027 | D:10     | Killed Dumah's ghost
 18621 | D:10     | Noticed a two-headed ogre
 18644 | D:10     | Killed a two-headed ogre
 19264 | D:11     | Reached skill level 12 in Shields
 19276 | D:11     | Noticed a seven-headed hydra
 19567 | D:11     | Found a staircase to the Orcish Mines.
 19941 | D:11     | Reached *** piety under Ashenzari
 20196 | D:11     | Reached skill level 13 in Shields
 21209 | Orc:1    | Entered Level 1 of the Orcish Mines
 21334 | Orc:1    | Noticed Erolcha
 21350 | Orc:1    | Killed Erolcha
 21361 | Orc:2    | Entered Level 2 of the Orcish Mines
 21401 | Orc:2    | Reached XP level 13. HP: 62/88 MP: 13/13
 21407 | Orc:2    | Found a staircase to the Elven Halls.
 21416 | Orc:1    | Noticed an orc warlord
 21445 | Orc:1    | Noticed an ettin
 21456 | Orc:2    | Killed an ettin
 21889 | Orc:2    | Noticed Nessos
 21894 | Orc:2    | HP: 3/88 [Nessos/arrow (12)]
 21897 | Orc:2    | Shot with an arrow by Nessos

Skill      XL: |  1  2  3  4  5  6  7  8  9 10 11 12 13 |
---------------+----------------------------------------+-----
Axes           | 3 4 5 6 7 9 11 12 | 12.6
Stealth        | 1 2 4 |  4.1
Shields        | 4 5 7 9 10 13 | 13.6
Fighting       | 4 5 6 7 8 |  8.2
Dodging        | 4 5 6 7 8 |  8.2

Action                   |  1- 3 |  4- 6 |  7- 9 | 10-12 | 13-15 || total
-------------------------+-------+-------+-------+-------+-------++-------
Melee: War axe           |    62 |     1 |       |       |       ||    63
       Constrict         |    21 |    25 |    57 |    71 |     2 ||   176
       Tentacles         |    12 |    21 |    74 |   210 |     8 ||   325
       Hand axe          |       |   119 |   283 |   773 |    27 ||  1202
Invok: Curse Item        |       |       |     2 |       |       ||     2
  Use: Scroll            |       |       |    23 |     5 |       ||    28
       Potion            |       |       |     3 |     4 |     3 ||    10
 Stab: Sleeping          |     5 |    14 |    16 |    24 |       ||    59
       Distracted        |       |     2 |       |     4 |       ||     6
  Eat: Chunk             |     1 |     9 |    17 |    31 |     1 ||    59
       Fruit             |       |       |     4 |     3 |       ||     7
       Meat ration       |       |       |       |     1 |       ||     1
Armor: Skin              |     3 |     4 |     7 |    15 |       ||    29
Dodge: Dodged            |    28 |    37 |    87 |   155 |     8 ||   315
Block: Shield            |    23 |    41 |   124 |   403 |    21 ||   612
       Reflection        |       |       |       |    31 |     4 ||    35
